 Dungeon Crawl Stone Soup version 0.18-a0-1577-gf591c28 (webtiles) character file.

79 Duffy the Slasher (level 4, -3/33 HPs)
             Began as a Formicid Gladiator on Mar 21, 2016.
             Slain by Grinder (5 damage)
             ... on level 3 of the Dungeon.
             The game lasted 00:03:53 (2706 turns).

Duffy the Slasher (Formicid Gladiator)              Turns: 2706, Time: 00:03:54

Health: -3/33      AC:  8    Str: 19    XL:     4   Next: 64%
Magic:  4/4        EV: 10    Int:  8    God:
Gold:   141        SH:  4    Dex: 12    Spells: 0 memorised, 3 levels left

rFire  . . .     SeeInvis +     a - +0 long sword
rCold  . . .     Gourm    .     j - +0 scale mail
rNeg   + . .     Faith    .     k - +0 buckler
rPois  .         Spirit   .     (helmet unavailable)
rElec  .         Dismiss  .     (no cloak)
rCorr  .         Reflect  .     y - +1 pair of gloves
SustAt .         Harm     .     (no boots)
MR     .....                    (no amulet)
Stlth  ..........               x - ring of positive energy
                                p - ring of teleportation (curse)

@: not resistant to hostile enchantments, extremely unstealthy
A: permanent stasis, dig shafts and tunnels, four strong arms, antennae 3
a: Dig, Shaft Self


You were on level 3 of the Dungeon.
You were hungry.

You visited 1 branch of the dungeon, and saw 3 of its levels.

You collected 141 gold pieces.


Innate Abilities, Weirdness & Mutations

You are under a permanent stasis effect.
You can dig through walls and to a lower floor.
Your four strong arms can wield two-handed weapons with a shield.
You have a pair of large antennae on your head (SInv).


   Skills:
 - Level 2.1 Fighting
 + Level 4.7 Long Blades
 - Level 2.0 Throwing
 - Level 2.6 Dodging
 + Level 1.6 Shields


You had 3 spell levels left.
You didn't know any spells.

Inventory:

Hand Weapons
 a - a +0 long sword (weapon)
 b - a +0 blowgun
Missiles
 l - 26 poisoned needles
 q - 7 curare-tipped needles
Armour
 j - a +0 scale mail (worn)
 k - a +0 buckler (worn)
 u - a +0 leather armour
 y - a +1 pair of gloves (worn)
Jewellery
 p - a cursed ring of teleportation (left hand)
 x - a ring of positive energy (right hand)
Scrolls
 i - a scroll of recharging {unknown}
 o - a scroll of fog {unknown}
 r - a scroll of teleportation {unknown}
 s - 2 scrolls of identify {unknown}
 t - a scroll of amnesia {unknown}
 v - 3 scrolls of blinking {unknown}
 w - a scroll of remove curse {unknown}
Potions
 e - 2 potions of curing {unknown}
 g - a potion of haste {unknown}
 h - a potion of heal wounds {unknown}
 m - a potion of brilliance {unknown}
 n - a potion of degeneration {unknown}
Comestibles
 d - a bread ration
 f - 2 beef jerkies
 z - a chunk of flesh

Dungeon Overview and Level Annotations

Branches:
Dungeon (3/15)

Altars:
Qazlal
Trog
Vehumet
Xom

Annotations:
D:3 Grinder


Message History

You hit Grinder.
Grinder is lightly wounded.
Grinder hits you but does no damage. x2
You completely miss Grinder.
Grinder is lightly wounded.
Grinder hits you.
You barely miss Grinder.
Grinder is lightly wounded.
Grinder hits you.
You hit Grinder.
Grinder is moderately wounded.
You block Grinder's attack.
You hit Grinder but do no damage.
Grinder is moderately wounded.
Grinder barely misses you.
You barely miss Grinder.
Grinder is moderately wounded.
Grinder hits you.
You hit Grinder.
Grinder is moderately wounded.
Grinder hits you but does no damage. Grinder hits you.
You slash Grinder!
Grinder is heavily wounded.
Grinder gestures at you. You resist with significant effort.
You slash Grinder!
Grinder is almost dead.
Grinder closely misses you.
You hit Grinder.
Grinder is almost dead.
Grinder hits you but does no damage.
You barely miss Grinder.
Grinder is almost dead.
Grinder hits you.
You die...

.....#.#.###.....#####.#
..#
....................#
#.#
########....############
...
..$........'..........#
.#.# #.#
#######....##########.#
.#.# #.# #.5......# #.#
.#.# #.# #.#.####.# #.#
.#.###.# #.##5# .# #.#
.#.#...### #.#@## .# #.#
.#.......# #.### .# #.#
...#.###.# #.# .# #.#
.......#.# #.# #.#
...#.#.#.# #.#
.###.#.#.# #.#
.%.#.#.#.# #.# {
#..#.#.#.# #{#
#..#...#.# #.#


You could see Grinder.

Action                   |  1- 3 |  4- 6 || total
-------------------------+-------+-------++-------
Melee: Long sword        |   106 |    61 ||   167
Throw: Throwing net      |       |     6 ||     6
 Abil: Dig               |     6 |     6 ||    12
  Eat: Chunk             |     2 |     4 ||     6

Notes
Turn   | Place    | Note
--------------------------------------------------------------
     0 | D:1      | Duffy the Formicid Gladiator began the quest for the Orb.
     0 | D:1      | Reached XP level 1. HP: 16/16 MP: 1/1
   205 | D:1      | Reached XP level 2. HP: 22/22 MP: 2/2
   483 | D:1      | Reached skill level 4 in Long Blades
   483 | D:1      | Reached XP level 3. HP: 25/27 MP: 3/3
  1277 | D:2      | Reached skill level 1 in Shields
  1277 | D:2      | Reached XP level 4. HP: 33/33 MP: 4/4
  1292 | D:2      | Found a shimmering altar of Xom.
  1459 | D:2      | Found a stormy altar of Qazlal.
  1461 | D:2      | Noticed an air elemental
  1462 | D:2      | Noticed a water elemental
  1462 | D:2      | Noticed an earth elemental
  1462 | D:2      | Noticed a fire elemental
  1561 | D:2      | Found a bloodstained altar of Trog.
  1858 | D:2      | Found a radiant altar of Vehumet.
  2332 | D:3      | Noticed Grinder
  2706 | D:3      | Slain by Grinder

Vault maps used:
D:1:      mrwooster_arrival_statue_3, roderic_lattice_a
D:2:      bloody_trog, nicolae_overflow_hidden_temple,
          nicolae_qazlal_style_of_elements, lemuel_round_altar,
          minmay_misc_feat_diagonals
D:3:      uniq_grinder

Vanquished Creatures
  An adder
  3 oozes
  A worm
  A dart slug
  A giant gecko
  6 bats
  3 giant cockroaches
  8 hobgoblins
  4 jackals
  7 kobolds
  2 giant newts
  5 goblins
  8 rats
50 creatures vanquished.
